 Dungeon Crawl Stone Soup version 0.27-a0-498-g7ecbb0a48f (webtiles) character file.

Game seed: 5246336338677544441

11951 Dirtsage the Cleaver (level 11, -2/101 HPs)
             Began as a Minotaur Gladiator on Mar 2, 2021.
             Was a Believer of the Shining One.
             Slain by a cane toad (4 damage)
             ... on level 1 of the Lair of Beasts.
             The game lasted 00:19:42 (10034 turns).

Dirtsage the Cleaver (Minotaur Gladiator)          Turns: 10034, Time: 00:19:43

Health: -2/101     AC: 14    Str: 27    XL:     11   Next: 56%
Magic:  25/25      EV: 12    Int: 10    God:    the Shining One [**....]
Gold:   711        SH:  0    Dex: 13    Spells: 9/10 levels left

rFire    . . .     SeeInvis .   a - +0 war axe
rCold    . . .     Faith    .   (no shield)
rNeg     + . .     Spirit   .   l - +0 chain mail
rPois    .         Reflect  .   Q - +3 hat of Pondering {ponderous, Will+ MP+10 Int+5}
rElec    .         Harm     .   N - +0 cloak
rCorr    .         Rampage  .   (no gloves)
Will     +....                  (no boots)
Stlth    ..........             A - amulet of the acrobat
HPRegen  0.26/turn              S - +6 ring of strength
MPRegen  0.19/turn              Y - +4 ring of slaying

@: lethally poisoned (-2 -> -46), glowing, slow
A: horns 2, retaliatory headbutt
a: Renounce Religion, Divine Shield


You were on level 1 of the Lair of Beasts.
You worshipped the Shining One.
The Shining One was pleased with you.
You visited 3 branches of the dungeon, and saw 12 of its levels.

You collected 711 gold pieces.


Innate Abilities, Weirdness & Mutations

You have a pair of horns on your head.
You reflexively headbutt those who attack you in melee.


   Skills:
 + Level 10.7 Fighting
 * Level 14.4 Axes
 - Level 2.0 Throwing
 + Level 6.3 Armour
 + Level 6.8 Dodging
 * Level 7.5 Invocations


You had 9 spell levels left.
You knew the following spells:

 Your Spells              Type           Power        Failure   Level
a - Apportation           Tloc           0%           90%         1

Your spell library contained the following spells:

 Spells                   Type           Power        Failure   Level
 Animate Skeleton         Necr           0%           90%         1
 Corona                   Hex            0%           90%         1
 Summon Small Mammal      Summ           0%           90%         1
 Call Imp                 Summ           0%           97%         2
 Ensorcelled Hibernation  Hex/Ice        0%           97%         2
 Call Canine Familiar     Summ           0%           99%         3
 Confusing Touch          Hex            0%           99%         3
 Dazzling Flash           Conj/Hex       0%           99%         3
 Gell's Gravitas          Tloc           0%           99%         3
 Summon Guardian Golem    Hex/Summ       0%           99%         3
 Tukima's Dance           Hex            0%           99%         3
 Petrify                  Tmut/Erth      0%           100%        4
 Summon Ice Beast         Ice/Summ       0%           100%        4
 Summon Lightning Spire   Summ/Air       0%           100%        4
 Metabolic Englaciation   Hex/Ice        0%           100%        5
 Yara's Violent Unravell  Hex/Tmut       0%           100%        5

Inventory:

Hand Weapons
 a - a +0 war axe (weapon)
 b - a +4 spear
 h - a +0 battleaxe
Missiles
 d - 3 throwing nets (quivered) {=f}
 u - 5 boomerangs of dispersal {=f}
 C - 9 boomerangs
Armour
 l - a +0 chain mail (worn)
 y - a +2 hat
 N - a +0 cloak (worn)
 Q - the +3 hat of Pondering (worn) {ponderous, Will+ MP+10 Int+5}
   (You took it off Gastronok on level 10 of the Dungeon)

   It affects your intelligence (+5).
   It affects your willpower, your defense against some magical effects.
   It affects your magic capacity (+10).
Magical Staves
 H - a staff of earth {!a}
Jewellery
 A - an amulet of the acrobat (around neck)
 I - a +6 ring of intelligence
 S - a +6 ring of strength (left hand)
 T - an amulet of faith {!P}
 Y - a +4 ring of slaying (right hand)
Wands
 w - a wand of digging (9)
 F - a wand of acid (14)
 G - a wand of mindburst (11)
 O - a wand of flame (11)
 P - a wand of random effects (15)
Scrolls
 e - 3 scrolls of identify {@r1}
 g - 2 scrolls of fog {unknown}
 i - 4 scrolls of fear {unknown}
 j - 3 scrolls of magic mapping {unknown}
 m - 3 scrolls of enchant weapon {unknown}
 o - 6 scrolls of teleportation {@r4}
 r - a scroll of noise
 E - a scroll of amnesia {unknown}
 J - 5 scrolls of enchant armour {unknown}
 K - 2 scrolls of blinking {unknown}
 L - a scroll of holy word {unknown}
Potions
 k - 2 potions of resistance
 n - 3 potions of curing {@q1}
 p - 3 potions of berserk rage {!q}
 q - 2 potions of flight
 s - a potion of degeneration
 t - 4 potions of lignification
 v - 2 potions of mutation
 x - 3 potions of haste {@q3}
 z - 3 potions of invisibility {unknown}
 B - 5 potions of heal wounds {@q2}
 D - 4 potions of attraction
Miscellaneous
 M - a phantom mirror

Dungeon Overview and Level Annotations

Branches:
Dungeon (10/15)            Temple (1/1) D:6            Lair (1/6) D:10
    Orc: D:9-12

Altars:
Ashenzari
Cheibriados
Dithmenos
Elyvilon
Fedhas
Gozag
Hepliaklqana
Kikubaaqudgha
Makhleb
Nemelex Xobeh
Okawaru
Qazlal
Ru
Sif Muna
Trog
Uskayaw
Vehumet
Wu Jian
Xom
Yredelemnul
The Shining One

Shops:
D:7 ! D:10

( ......#
........#
........##
.........##
..(.......###
............##
.............#.#
......F.<.......
.......@........
#.....†.#......#
#......###.....#
#.....# .....#
.#..## ......
#.# ..... ##
.....


You could see a cane toad.


Message History

The black mamba bites you!
* * * LOW HITPOINT WARNING * * *
The black mamba barely misses you. You furiously retaliate!
You headbutt the black mamba!
You hit the black mamba but do no damage.
The black mamba is severely wounded.
You hit the cane toad.
* * * LOW HITPOINT WARNING * * *
You feel very sick.
The cane toad stings you but does no damage.
The black mamba bites you but does no damage.
You barely miss the black mamba. Your headbutt misses the black mamba.
The black mamba is severely wounded.
You slash the cane toad!
* * * LOW HITPOINT WARNING * * *
You feel very sick. The black mamba bites you!
* * * LOW HITPOINT WARNING * * *
The cane toad stings you.
* * * LOW HITPOINT WARNING * * *
You slash the black mamba!
The black mamba is almost dead.
You slash the cane toad!
* * * LOW HITPOINT WARNING * * *
You feel very sick. The black mamba misses you. You furiously retaliate!
You headbutt the black mamba!
You kill the black mamba!
The cane toad stings you.
You die...

Skill      XL: |  1  2  3  4  5  6  7  8  9 10 11 |
---------------+----------------------------------+-----
Axes           | 4 5 6 7 8 9 12 13 14 | 14.4
Fighting       | 3 4 5 6 8 9 10 | 10.7
Invocations    | 4 6 7 |  7.5
Armour         | 3 5 6 |  6.3
Dodging        | 4 6 |  6.8
Throwing       | |  2.0

Action                   |  1- 3 |  4- 6 |  7- 9 | 10-12 || total
-------------------------+-------+-------+-------+-------++-------
Melee: War axe           |    86 |   127 |   180 |   181 ||   574
       Headbutt          |     8 |    25 |    38 |    37 ||   108
  Use: Scroll            |       |       |    12 |     2 ||    14
       Potion            |       |       |       |     3 ||     3
Armor: Leather armour    |     4 |       |       |       ||     4
       Ring mail         |     9 |       |       |       ||     9
       Chain mail        |    23 |    64 |    86 |    91 ||   264
Dodge: Dodged            |    57 |    87 |   105 |   137 ||   386

Levels and vault maps discovered:
D:1:      nzn_arrival_water_spiral, layout_loops_cross
D:2:      kb_forest_paths, layout_rooms, st_stairs_7, minmay_octomino_c4
D:3:      layout_rooms, lemuel_zombie_altar_kikubaaqudgha, serial_park_tiny_1,
          goddamned_bats, uniq_natasha
D:4:      minmay_chambers_of_twos, layout_rooms, nicolae_overflow_hidden_temple,
          minmay_misc_feat_roman
D:5:      layout_cave_pools, basic_altar, minmay_small_thing
D:6:      layout_cave_pools, xom_teletrap_fun,
          minmay_temple_entry_gardened_gates, gammafunk_ghost_grave
D:7:      layout_basic, serial_shops, shop
D:8:      layout_rooms, yredelemnul_forgotten_temple_becter,
          dancing_weapons_uskayaw, uniq_maurice
D:9:      layout_basic, lemuel_crystal_altar, kennysheep_small_circle
D:10:     layout_loops_ring, minmay_lair_entry_grove, serial_shops,
          kennysheep_little_box, uniq_gastronok
Temple:   regret_index_temple_waves
Lair:1:   lemuel_slime, layout_cave_pods

Notes
Turn   | Place    | Note
-------+----------+-------------------------------------------
     0 | D:1      | Dirtsage the Minotaur Gladiator began the quest for the
                  | Orb.
     0 | D:1      | Reached XP level 1. HP: 18/18 MP: 0/0
    87 | D:1      | Reached skill level 4 in Axes
   215 | D:1      | Reached XP level 2. HP: 25/25 MP: 1/1
   460 | D:1      | Reached skill level 3 in Fighting
   657 | D:1      | Reached XP level 3. HP: 27/31 MP: 2/2
  1129 | D:2      | Reached skill level 5 in Axes
  1347 | D:2      | Reached XP level 4. HP: 31/39 MP: 3/3
  1599 | D:2      | Reached skill level 4 in Fighting
  1730 | D:2      | Reached skill level 6 in Axes
  1832 | D:3      | Reached XP level 5. HP: 46/46 MP: 4/4
  2263 | D:3      | Reached skill level 7 in Axes
  2265 | D:3      | Reached XP level 6. HP: 53/53 MP: 5/5
  2266 | D:3      | Noticed Natasha
  2271 | D:3      | Killed Natasha
  2319 | D:3      | Reached skill level 5 in Fighting
  2386 | D:3      | Found an ancient bone altar of Kikubaaqudgha.
  2597 | D:3      | Reached skill level 8 in Axes
  2665 | D:3      | Noticed Natasha
  2671 | D:3      | Killed Natasha
  2754 | D:3      | Noticed Natasha
  2766 | D:3      | Killed Natasha
  2767 | D:3      | Reached XP level 7. HP: 48/61 MP: 6/6
  2953 | D:4      | Found a hazy altar of Hepliaklqana.
  3422 | D:5      | Entered Level 5 of the Dungeon
  3425 | D:5      | Found an opulent altar of Gozag.
  3438 | D:5      | Reached skill level 6 in Fighting
  3477 | D:5      | Reached skill level 9 in Axes
  3806 | D:5      | Noticed a yak
  3812 | D:5      | Killed a yak
  3813 | D:5      | Reached XP level 8. HP: 59/71 MP: 7/7
  3815 | D:5      | Reached skill level 7 in Fighting
  3815 | D:5      | Reached skill level 10 in Axes
  4269 | D:6      | Found a shimmering altar of Xom.
  4284 | D:6      | Reached skill level 11 in Axes
  4285 | D:6      | Reached skill level 8 in Fighting
  4522 | D:6      | Found a runed translucent door.
  4523 | D:6      | Noticed ma3's ghost (amateur HOFi)
  4540 | D:6      | Killed ma3's ghost
  4541 | D:6      | Reached skill level 12 in Axes
  4541 | D:6      | Reached XP level 9. HP: 62/82 MP: 8/8
  4683 | D:6      | Found a staircase to the Ecumenical Temple.
  4694 | Temple   | Entered the Ecumenical Temple
  4767 | Temple   | Became a worshipper of the Shining One
  5278 | D:7      | Found Lipley's Distillery.
  5285 | D:7      | Reached skill level 1 in Invocations
  5310 | D:7      | Identified a potion of resistance
  5332 | D:7      | Reached skill level 1 in Armour
  5986 | D:8      | Reached skill level 2 in Invocations
  6015 | D:8      | Noticed Maurice
  6024 | D:8      | Killed Maurice
  6025 | D:8      | Reached skill level 9 in Fighting
  6025 | D:8      | Reached skill level 2 in Armour
  6025 | D:8      | Reached skill level 4 in Dodging
  6027 | D:8      | Reached skill level 3 in Invocations
  6028 | D:8      | Found a hide-covered altar of Uskayaw.
  6031 | D:8      | Noticed a +0 dagger
  6031 | D:8      | Noticed a +0 dagger
  6032 | D:8      | Noticed a red ugly thing
  6040 | D:8      | Killed a red ugly thing
  6041 | D:8      | Reached skill level 3 in Armour
  6065 | D:8      | Reached skill level 4 in Invocations
  6065 | D:8      | Reached XP level 10. HP: 36/91 MP: 10/12
  6445 | D:8      | Found a basalt altar of Yredelemnul.
  6447 | D:8      | Reached * piety under the Shining One
  6877 | D:9      | Reached skill level 13 in Axes
  7215 | D:9      | Reached skill level 5 in Dodging
  7274 | D:9      | Reached skill level 4 in Armour
  7276 | D:9      | Reached skill level 5 in Invocations
  7281 | D:9      | Learned a level 1 spell: Apportation
  7766 | D:9      | Found a broken altar of Ashenzari.
  7958 | D:9      | Noticed a two-headed ogre
  7958 | D:9      | Reached ** piety under the Shining One
  7962 | D:9      | Killed a two-headed ogre
  7963 | D:9      | Reached skill level 10 in Fighting
  7963 | D:9      | Reached skill level 5 in Armour
  8132 | D:10     | Entered Level 10 of the Dungeon
  8153 | D:10     | Reached skill level 6 in Invocations
  8161 | D:10     | Found a staircase to the Lair.
  8168 | D:10     | Reached skill level 6 in Dodging
  8171 | D:10     | Reached XP level 11. HP: 65/100 MP: 14/14
  8651 | D:10     | Reached skill level 14 in Axes
  8815 | D:10     | Noticed Gastronok
  8827 | D:10     | Paralysed by a hornet for 3 turns
  8841 | D:10     | Paralysed by a hornet for 1 turns
  9191 | D:10     | Noticed a two-headed ogre
  9200 | D:10     | Killed a two-headed ogre
  9383 | D:10     | Killed Gastronok
  9384 | D:10     | Reached skill level 6 in Armour
  9384 | D:10     | Reached skill level 7 in Invocations
  9636 | D:10     | Found Epihuc's Antique Weapon Shoppe.
  9700 | D:10     | Paralysed by a hornet for 2 turns
 10023 | Lair:1   | Entered Level 1 of the Lair of Beasts
 10033 | Lair:1   | HP: 6/101 [cane toad (6)]
 10034 | Lair:1   | HP: 2/101 [poisoned by a black mamba]
 10034 | Lair:1   | Slain by a cane toad

Vanquished Creatures
  Gastronok (D:10)
  2 two-headed ogres
  An ugly thing (D:8)
  Maurice (D:8)
  A black mamba (Lair:1)
  A cane toad (Lair:1)
  The ghost of ma3 the Skirmisher, an amateur HOFi (D:6)
  2 trolls
  2 hornets (D:10)
  2 wraiths (D:10)
  5 yaks
  4 wyverns (D:10)
  3 water moccasins (D:10)
  4 sky beasts
  4 ice beasts
  3 orc warriors
  5 black bears
  An eye of draining (D:9)
  4 centaurs
  8 ogres
  A wolf (D:10)
  A kobold brigand (D:10)
  2 bullfrogs
  3 scorpions
  6 killer bees (D:9)
  A vampire bat (D:3)
  4 wights (D:9)
  3 howler monkeys
  A centaur zombie (D:8)
  A quasit (D:10)
  4 orc priests
  4 jellies
  5 hounds
  3 iguanas
  11 orc wizards
  Natasha (thrice) (D:3)
  5 worker ants
  A howler monkey skeleton (D:10)
  13 adders
  11 gnolls
  A shadow imp (D:10)
  5 white imps
  3 ufetubi
  An ooze (D:2)
  2 adder skeletons (D:4)
  An adder zombie (D:9)
  3 worms
  3 dart slugs
  3 fire bats (D:3)
  5 leopard geckos
  41 orcs
  2 spectral bats (D:3)
  21 bats
  3 bat skeletons (D:3)
  3 bat zombies (D:3)
  10 giant cockroaches
  8 goblins
  15 hobgoblins
  4 jackals
  17 kobolds
  7 quokkas
  A bat simulacrum (D:3)
  6 frilled lizards
  12 rats
  5 rat zombies (D:3)
  A spectral orc (D:8)
321 creatures vanquished.

Vanquished Creatures (others)
  5 fungi (D:10)
  13 plants (D:10)
18 creatures vanquished.

Grand Total: 339 creatures vanquished

Table legend: (Time is in decaauts)
 A = Elapsed time spent in this place.
 B = Non-inter-level travel time spent in this place.
 C = Inter-level travel time spent in this place.
 D = Time resting spent in this place.
 E = Time spent auto-exploring this place.
 F = Levels seen in this place.
 G = Mean time per level.
                   A        B        C        D        E       F      G
               +--------+--------+--------+--------+--------+-----+--------+
         Total |  10097 |   9651 |    446 |    644 |   7568 |  12 |  841.4 |
       Dungeon |   9956 |   9568 |    388 |    644 |   7503 |  10 |  995.6 |
        Temple |    132 |     74 |     58 |      0 |     65 |   1 |  132.0 |
          Lair |      8 |      8 |      0 |      0 |      0 |   1 |    8.0 |
               +--------+--------+--------+--------+--------+-----+--------+

Top non-repeatable levels by time:
    D:10: 1900 daAuts
     D:9: 1443 daAuts
     D:3: 1007 daAuts
     D:1: 978 daAuts
     D:2: 880 daAuts
     D:7: 855 daAuts
     D:6: 783 daAuts
     D:5: 778 daAuts
     D:8: 728 daAuts
     D:4: 601 daAuts
  Temple: 132 daAuts
  Lair:1: 8 daAuts

Table legend:
 A = Non-vault XP
 B = Vault XP
 C = Vault XP percentage of total XP
 D = Non-vault monster count
 E = Vault monster count
 F = Vault count percentage of total count
                 A         B        C        D         E       F
            +---------+---------+-------+---------+---------+-------
      Total |   11777 |    5740 |  32.8 |     255 |      66 |  20.6
            +---------+---------+-------+---------+---------+-------
        D:1 |      44 |       0 |   0.0 |      26 |       0 |   0.0
        D:2 |      95 |      49 |  34.0 |      31 |      14 |  31.1
        D:3 |     341 |     219 |  39.1 |      34 |      28 |  45.2
        D:4 |     109 |      13 |  10.7 |      15 |       3 |  16.7
        D:5 |     676 |     338 |  33.3 |      17 |       2 |  10.5
        D:6 |     823 |     316 |  27.7 |      21 |       1 |   4.5
        D:7 |     641 |       0 |   0.0 |      20 |       0 |   0.0
        D:8 |    1399 |     509 |  26.7 |      25 |       2 |   7.4
        D:9 |    3804 |     132 |   3.4 |      37 |       3 |   7.5
       D:10 |    2976 |    4164 |  58.3 |      27 |      13 |  32.5
     Lair:1 |     869 |       0 |   0.0 |       2 |       0 |   0.0
            +---------+---------+-------+---------+---------+-------
